 Dungeon Crawl Stone Soup version 0.29-a0-1016-g236c7fd91e (webtiles) character file.

Game seed: 385200915089964151

321 flotson the Trooper (level 6, -7/48 HPs)
             Began as a Demonspawn Fighter on Aug 9, 2022.
             Killed by divine providence
             ... invoked by an orc priest
              (12 damage)
             ... on level 3 of the Dungeon.
             The game lasted 00:02:54 (2168 turns).

flotson the Trooper (Demonspawn Fighter)            Turns: 2168, Time: 00:02:54

Health: -7/48      AC:  8    Str: 19    XL:     6   Next: 22%
Magic:  6/6        EV: 10    Int:  9    God:
Gold:   46         SH:  5    Dex: 18    Spells: 5/5 levels left

rFire   . . .      SeeInvis .   a - +0 war axe
rCold   . . .      Faith    .   c - +0 buckler
rNeg    . . .      Spirit   .   b - +0 scale mail
rPois   .          Reflect  .   (no helmet)
rElec   .          Harm     .   (no cloak)
rCorr   .          Rampage  .   (no gloves)
Will    .....                   (no boots)
Stlth   ..........              o - amulet of the Ancient Continents {RegenMP +Inv Dex+6}
HPRegen 0.16/turn               (no ring)
MPRegen 0.50/turn               (no ring)

@: no status effects
A: slimy green scales 1, foul stench 1, demonic touch 2
a: Evoke Invisibility


You were on level 3 of the Dungeon.
You visited 1 branch of the dungeon, and saw 3 of its levels.

You collected 46 gold pieces.

Inventory:

Hand Weapons
 a - a +0 war axe (weapon)
Missiles
 f - 3 curare-tipped darts (quivered)
Armour
 b - a +0 scale mail (worn)
 c - a +0 buckler (worn)
Jewellery
 j - a ring of ice
 o - the amulet of the Ancient Continents (around neck) {RegenMP +Inv Dex+6}
   (You took it off a kobold on level 2 of the Dungeon)

   [amulet of magic regeneration]

   It increases your rate of magic regeneration.
   Dex:       It affects your dexterity (+6).
   +Inv:      It lets you turn invisible.
Wands
 q - a wand of iceblast (6)
Scrolls
 e - 3 scrolls of identify {unknown}
 g - a scroll of magic mapping {unknown}
 k - 2 scrolls of teleportation {unknown}
Potions
 d - 3 potions of might
 h - 2 potions of curing {unknown}
 i - a potion of degeneration {unknown}
 l - 2 potions of flight {unknown}
 m - a potion of magic {unknown}
 n - a potion of ambrosia {unknown}
 p - a potion of haste {unknown}


   Skills:
 + Level 3.9 Fighting
 + Level 2.9 Axes
 + Level 1.8 Throwing
 + Level 3.6 Armour
 + Level 2.1 Dodging
 + Level 3.5 Shields


You had 5 spell levels left.
You didn't know any spells.
Your spell library contained the following spells:

 Spells                   Type           Power      Damage    Failure   Level
 Olgreb's Toxic Radiance  Pois           0%         N/A       100%        4
 Ozocubu's Refrigeration  Ice            0%         4d7       100%        7
 Ignition                 Fire           0%         3d3       100%        8


Dungeon Overview and Level Annotations

Branches:
Dungeon (3/15)

Altars:
Xom

Shops:
D:1 =


Innate Abilities, Weirdness & Mutations

You are partially covered in slimy green scales. (AC +2)
You may rarely emit foul miasma when damaged in melee.
Your touch may inflict irresistible damage on your foes.


Message History

Items here: ))) [[ †.
You barely miss the orc priest.
The orc priest hits you but does no damage.
You closely miss the orc priest. You block the orc priest's attack.
The orc priest casts a cantrip, but nothing happens.
You closely miss the orc priest. You block the orc priest's attack.
You hit the orc priest but do no damage.
The orc priest mumbles some strange prayers to Beogh against you.
You barely resist. You block the orc priest's attack.
You hit the orc priest.
The orc priest is moderately wounded.
The orc priest invokes the aid of Beogh against you.
You barely resist. You closely miss the orc priest.
The orc priest is moderately wounded.
The orc priest hits you but does no damage.
You closely miss the orc priest.
The orc priest is moderately wounded.
You block the orc priest's attack.
The orc priest hits you but does no damage.
You closely miss the orc priest.
The orc priest is moderately wounded.
The orc priest miscasts a cantrip.
You closely miss the orc priest.
The orc priest is moderately wounded.
The orc priest hits you but does no damage.
You hit the orc priest but do no damage.
The orc priest is moderately wounded.
You block the orc priest's attack.
The orc priest invokes the aid of Beogh against you.
Pain shoots through your body!
* * * LOW HITPOINT WARNING * * *
You completely miss the orc priest.
The orc priest is moderately wounded.
The orc priest barely misses you.
You hit the orc priest but do no damage.
The orc priest is moderately wounded.
The orc priest invokes the aid of Beogh against you.
Beogh smites you!
You die...

#.. ... #.# ### #..
... ##.##.#
#####.....
#....o..# #.####@#
#......#
..###...####
........#
.####...###
#....^#######
###.#.#.##....##
......#.##.....####
#<....#....#......#


You could see an orc priest.

Vanquished Creatures
  Sigmund (D:2)
  Natasha (twice) (D:2)
  An orc wizard (D:3)
  3 adders
  4 dart slugs
  2 orcs (D:3)
  6 ball pythons
  6 endoplasms
  3 goblins
  A hobgoblin (D:2)
  5 kobolds
  7 quokkas
  3 bats (D:2)
  A frilled lizard (D:1)
  7 rats
52 creatures vanquished.

Vanquished Creatures (others)
  Natasha (D:2)
1 creature vanquished.

Grand Total: 53 creatures vanquished

Notes
Turn   | Place    | Note
-------+----------+-------------------------------------------
     0 | D:1      | flotson the Demonspawn Fighter began the quest for the Orb.
     0 | D:1      | Reached XP level 1. HP: 18/18 MP: 1/1
     4 | D:1      | Found Rocrieng's Jewellery Shoppe.
    94 | D:1      | Gained mutation: You may rarely emit foul miasma when
                  | damaged in melee. [demonic ancestry]
    94 | D:1      | Reached XP level 2. HP: 23/24 MP: 2/2
   239 | D:1      | Found a faded altar of an unknown god.
   665 | D:2      | Gained mutation: You are partially covered in slimy green
                  | scales. (AC +2) [demonic ancestry]
   665 | D:2      | Reached XP level 3. HP: 29/29 MP: 3/3
   689 | D:2      | Noticed Natasha
   698 | D:2      | Killed Natasha
   699 | D:2      | Reached skill level 1 in Dodging
   906 | D:2      | Noticed Natasha
   926 | D:2      | Killed Natasha
  1150 | D:2      | Gained mutation: Your touch may inflict minor irresistible
                  | damage on your foes. [demonic ancestry]
  1150 | D:2      | Reached XP level 4. HP: 35/35 MP: 4/4
  1167 | D:2      | Noticed Natasha
  1175 | D:2      | Killed Natasha
  1243 | D:2      | HP: 1/35 [frozen (3)]
  1245 | D:2      | Reached skill level 1 in Throwing
  1285 | D:2      | Identified the amulet of the Ancient Continents {RegenMP
                  | +Inv Dex+6}
  1690 | D:2      | Found a shimmering altar of Xom.
  1796 | D:2      | Noticed Sigmund
  1804 | D:2      | Killed Sigmund
  1805 | D:2      | Gained mutation: Your touch may inflict irresistible damage
                  | on your foes. [demonic ancestry]
  1805 | D:2      | Reached XP level 5. HP: 35/42 MP: 5/5
  1992 | D:2      | Reached XP level 6. HP: 48/48 MP: 6/6
  2168 | D:3      | Killed from afar by an orc priest

Illustrated notes

Levels and vault maps discovered:
D:1:      saegor_arrival_simple_a, layout_rooms, serial_shops, shop,
          chequers_ecumenical_altar_simple_redux, minmay_misc_feat_cross
D:2:      layout_basic, basic_altar, kennysheep_small_spiral,
          grunt_ministairs_6, uniq_natasha, uniq_sigmund
D:3:      layout_basic

Skill      XL: |  1  2  3  4 |
---------------+-------------+-----
Axes           | 2 |  2.9
Armour         | 3 |  3.6
Dodging        | 1 2 |  2.1
Shields        | 3 |  3.5
Throwing       | 1 |  1.8
Fighting       | |  3.9

Action                   |  1- 3 |  4- 6 || total
-------------------------+-------+-------++-------
Melee: War axe           |    66 |    72 ||   138
Throw: Dart              |       |     2 ||     2
Armor: Scale mail        |    43 |    24 ||    67
Dodge: Dodged            |    40 |    36 ||    76
Block: Buckler           |    23 |    15 ||    38

Table legend: (Time is in decaauts)
 A = Elapsed time spent in this place.
 B = Non-inter-level travel time spent in this place.
 C = Inter-level travel time spent in this place.
 D = Time resting spent in this place.
 E = Time spent auto-exploring this place.
 F = Levels seen in this place.
 G = Mean time per level.
                   A        B        C        D        E       F      G
               +--------+--------+--------+--------+--------+-----+--------+
         Total |   2250 |   2184 |     66 |    143 |   1673 |   3 |  750.0 |
       Dungeon |   2250 |   2184 |     66 |    143 |   1673 |   3 |  750.0 |
               +--------+--------+--------+--------+--------+-----+--------+

Top non-repeatable levels by time:
     D:2: 1098 daAuts
     D:1: 1067 daAuts
     D:3: 84 daAuts
